 Dungeon Sprint DCSS version 0.30.0-29-ga12c61a403 (webtiles) character file.

Game seed: 9552522138351187906

6449 boopmooplesden the Brawler (level 10, -2/171 HPs)
             Began as a Troll Berserker on June 21, 2023.
             Was the Champion of Trog.
             Slain by a killer bee (3 damage)
             ... in the Dungeon (Sprint III: "The Ten Rune Challenge").
             The game lasted 00:04:06 (1871 turns).

boopmooplesden the Brawler (Troll Berserker)        Turns: 1871, Time: 00:04:08

Health: -2/171     AC:  4    Str: 31    XL:     10   Next: 67%
Magic:  9/9        EV: 12    Int:  3    God:    Trog [******]
Gold:   3307       SH:  0    Dex:  9    Spells: 9/9 levels left

rFire   . .          .
                       - Unarmed
rCold   . . .        (no shield)
rNeg    . . .        a - +0 animal skin
rPois   .            (helmet restricted)
rElec   .            (no cloak)
rCorr   .            (gloves unavailable)
SInv    +            (boots unavailable)
Will    ++...        (no amulet) Stlth
                     (no ring)
HPRegen 2.28/turn    (no ring)
MPRegen 0.11/turn

%: no teleportation, random rage (3%)
@: berserking (expiring), lethally poisoned (-2 -> -2), strong-willed,
regenerating, very quick
A: large, unfitting armour, claws 3, regeneration 1, shaggy fur 1, tough skin 1,
talons 1, see invisible, berserk 1, MP-powered wands
a: Renounce Religion, Berserk, Trog's Hand, Brothers in Arms


You were in the Dungeon.
You worshipped Trog.
Trog was exalted by your worship.
You visited 1 branch You collected 3307 gold pieces.

Inventory:

Hand Weapons
 n - a +0 mace
 q - a +0 antimagic dire flail
Missiles
 r - 3 boomerangs (quivered)
Armour
 a - a +0 animal skin (worn)
 o - a +0 robe
Wands
 m - a wand of acid (10)
Scrolls
 g - a scroll of blinking
 i - a scroll of poison {unknown}
 j - 2 scrolls of immolation {unknown}
 l - a scroll of identify {unknown}
Potions
 b - a potion of curing
 c - 3 potions of heal wounds
 d - a potion of haste
 e - 5 potions of magic
 f - a potion of berserk rage
 h - a potion of mutation
 k - 4 potions of flight
Miscellaneous
 p - a condenser vane


   Skills:
 + Level 11.2 Fighting
 + Level 11.0 Dodging
 + Level 4.3 Stealth
 + Level 17.4 Unarmed Combat
 + Level 0.3 Evocations


You had 9 spell levels left.
You didn't know any spells.
Your spell library was empty.

Dungeon Overview and Level Annotations

Branches:
Dungeon (1/1)

Altars:
Cheibriados
Dithmenos
Elyvilon
Fedhas
Gozag
Hepliaklqana
Kikubaaqudgha
Makhleb
Nemelex Xobeh
Okawaru
Qazlal
Ru
Sif Muna
Trog
Uskayaw
Vehumet
Wu Jian
Xom
Yredelemnul
Zin
The Shining One
Jiyva
Lugonu

Shops:
D [


Innate Abilities, Weirdness & Mutations

You are too large for most types of armour.
You have claws for hands.
Your natural rate of healing is unusually fast.
You are covered in fur. (AC +1)
You have tough skin. (AC +1)
You have sharp toenails.
You have supernaturally acute eyesight. (SInv)
You sometimes lose your temper in combat.
You expend magic power (3 MP) to strengthen your wands.


Message History

You closely miss the killer bee. Your kick misses the killer bee.
The killer bee is heavily wounded.
You feel sick. The killer bee barely misses you.
The killer bee stings you but does no damage.
The killer bee stings you.
* * * LOW HITPOINT WARNING * * *
You are more poisoned.
The killer bee poisons you! The killer bee closely misses you.
You eviscerate the killer bee!!!
You kill the killer bee!
Trog accepts your kill.
You feel sick. The killer bee misses you. The killer bee barely misses you.
You closely miss the killer bee. Your kick misses the killer bee.
You feel sick.
You closely miss the killer bee. Your kick misses the killer bee.
You feel sick. The killer bee barely misses you. The killer bee stings you.
* * * LOW HITPOINT WARNING * * *
The killer bee closely misses you. The killer bee stings you.
* * * LOW HITPOINT WARNING * * *
You claw the killer bee! Your kick misses the killer bee.
The killer bee is heavily wounded.
You feel sick. The killer bee closely misses you. The killer bee stings you!
* * * LOW HITPOINT WARNING * * *
The killer bee stings you but does no damage.
The killer bee stings you.
* * * LOW HITPOINT WARNING * * *
You barely miss the killer bee.
The killer bee is heavily wounded.
You feel sick. The killer bee closely misses you.
The killer bee barely misses you.
The killer bee stings you but does no damage.
The killer bee stings you.
* * * LOW HITPOINT WARNING * * *
You mangle the killer bee!!
You kill the killer bee!
Trog accepts your kill.
You feel sick. The killer bee stings you.
* * * LOW HITPOINT WARNING * * *
The killer bee stings you.
You die...

##### ....+ ...# ..###
..#.# #..## #.##
######################
.#.')).'.#.#.#)y@yy~≈#
.#.#)..##.#.#)##yyy~≈#
.#.#...#.#.#.#.#y..~≈≈≈#
...#...##.#.#.##...~~~~#
▓▓▓▓▓▓▓#.#.#.#.#.......#
##.#.#.##.......#
+.#.#.#.#.......#
##.#.#.##########
#+#####


You could see 7 killer bees.

Vanquished Creatures
  Josephine (D)
  A centaur warrior (D)
  2 orc high priests (D)
  A deep elf pyromancer (D)
  2 orc sorcerers (D)
  2 unseen horrors (D)
  A queen bee (D)
  A shadow (D)
  A spatial vortex (D)
  2 centaurs (D)
  An earth elemental (D)
  A water elemental (D)
  A necrophage (D)
  25 killer bees (D)
  An orc priest (D)
  A jelly (D)
  A wizard (D)
  Jessica (D)
  An orc wizard (D)
  A necromancer (D)
  3 humans (D)
  A kobold demonologist (D)
  A wolf (D)
  9 orcs (D)
  A kobold (D)
  3 rats (D)
66 creatures vanquished.

Vanquished Creatures (others)
  2 orcs (D)
2 creatures vanquished.

Grand Total: 68 creatures vanquished

Notes
Turn   | Place    | Note
-------+----------+-------------------------------------------
     0 | D        | boopmooplesden the Troll Berserker began the quest for the
                  | Orb.
     0 | D        | Reached XP level 1. HP: 22/22 MP: 0/0
    22 | D        | Reached ** piety under Trog
    24 | D        | Noticed Jessica
    31 | D        | Killed Jessica
    32 | D        | Reached skill level 4 in Unarmed Combat
    32 | D        | Reached XP level 2. HP: 32/32 MP: 1/1
    46 | D        | Reached skill level 5 in Unarmed Combat
    46 | D        | Reached XP level 3. HP: 39/39 MP: 2/2
   298 | D        | Noticed a water elemental
   304 | D        | Killed a water elemental
   304 | D        | Reached *** piety under Trog
   305 | D        | Reached skill level 5 in Fighting
   305 | D        | Reached skill level 5 in Dodging
   305 | D        | Reached skill level 6 in Unarmed Combat
   305 | D        | Reached XP level 4. HP: 50/50 MP: 3/3
   449 | D        | Found a basalt altar of Yredelemnul.
   449 | D        | Found a shadowy altar of Dithmenos.
   449 | D        | Found a sacrificial altar of Ru.
   449 | D        | Noticed a necrophage
   454 | D        | Killed a necrophage
   455 | D        | Reached skill level 7 in Unarmed Combat
   455 | D        | Reached XP level 5. HP: 49/58 MP: 4/4
   624 | D        | Found a hide-covered altar of Uskayaw.
   624 | D        | Found an iron altar of Okawaru.
   624 | D        | Found a bloodstained altar of Trog.
   624 | D        | Found an ornate altar of the Wu Jian Council.
   624 | D        | Noticed a human
   624 | D        | Noticed a human
   632 | D        | Killed a human
   632 | D        | Reached **** piety under Trog
   633 | D        | Reached skill level 8 in Unarmed Combat
   633 | D        | Reached XP level 6. HP: 68/68 MP: 5/5
   637 | D        | Killed a human
   638 | D        | Reached skill level 9 in Unarmed Combat
   663 | D        | Found a radiant altar of Vehumet.
   664 | D        | Found a shimmering blue altar of Sif Muna.
   664 | D        | Found an ancient bone altar of Kikubaaqudgha.
   670 | D        | Noticed a rust devil
   671 | D        | Reached skill level 10 in Unarmed Combat
   671 | D        | Reached XP level 7. HP: 78/78 MP: 6/6
   680 | D        | Found a glowing silver altar of Zin.
   680 | D        | Found a glowing golden altar of the Shining One.
   680 | D        | Found a white marble altar of Elyvilon.
   681 | D        | Noticed a deep elf pyromancer
   687 | D        | Killed a deep elf pyromancer
   687 | D        | Reached ***** piety under Trog
   688 | D        | Reached skill level 1 in Stealth
   688 | D        | Reached skill level 11 in Unarmed Combat
   754 | D        | Noticed a shadow
   755 | D        | Killed a shadow
   756 | D        | Reached XP level 8. HP: 89/89 MP: 7/7
   763 | D        | Found a blossoming altar of Fedhas.
   763 | D        | Found a stormy altar of Qazlal.
   763 | D        | Found a snail-covered altar of Cheibriados.
   763 | D        | Found a burning altar of Makhleb.
   763 | D        | Found a shimmering altar of Xom.
   764 | D        | Found a hazy altar of Hepliaklqana.
   764 | D        | Found an opulent altar of Gozag.
   764 | D        | Found a sparkling altar of Nemelex Xobeh.
   764 | D        | Found a corrupted altar of Lugonu.
   764 | D        | Found a viscous altar of Jiyva.
   772 | D        | Reached skill level 12 in Unarmed Combat
  1002 | D        | Noticed Josephine
  1010 | D        | Killed Josephine
  1011 | D        | Reached skill level 13 in Unarmed Combat
  1222 | D        | Noticed an orc sorcerer
  1223 | D        | Noticed an orc sorcerer
  1227 | D        | Noticed an orc high priest
  1227 | D        | Noticed an orc high priest
  1229 | D        | Noticed an orange demon
  1231 | D        | Noticed an ice devil
  1232 | D        | Noticed a red devil
  1240 | D        | Killed an orc high priest
  1241 | D        | Reached skill level 14 in Unarmed Combat
  1241 | D        | Reached XP level 9. HP: 101/101 MP: 8/8
  1245 | D        | Killed an orc sorcerer
  1245 | D        | Reached ****** piety under Trog
  1245 | D        | Received a gift from Trog
  1246 | D        | Reached skill level 10 in Fighting
  1247 | D        | Killed an orc sorcerer
  1248 | D        | Reached skill level 15 in Unarmed Combat
  1248 | D        | Found Sykabiwk's Armour Shop.
  1248 | D        | Gained mutation: You have hidden genetic defects. [a
                  | neqoxec]
  1252 | D        | Killed an orc high priest
  1253 | D        | Reached skill level 10 in Dodging
  1255 | D        | Gained mutation: Armour fits poorly on your strangely
                  | shaped body. [hidden defects]
  1258 | D        | Received a gift from Trog
  1458 | D        | Reached XP level 10. HP: 90/111 MP: 9/9
  1578 | D        | Noticed a centaur warrior
  1589 | D        | HP: 8/166 [centaur warrior (3)]
  1590 | D        | Killed a centaur warrior
  1590 | D        | Received a gift from Trog
  1591 | D        | Reached skill level 16 in Unarmed Combat
  1600 | D        | Gained mutation: You are clumsy. (Dex -2) [hidden defects]
  1600 | D        | Lost mutation: You have hidden genetic defects. [hidden
                  | defects expressed]
  1680 | D        | Lost mutation: You are clumsy. (Dex -2) [potion of
                  | mutation]
  1680 | D        | Lost mutation: Armour fits poorly on your strangely shaped
                  | body. [potion of mutation]
  1680 | D        | Gained mutation: You have supernaturally acute eyesight.
                  | (SInv) [potion of mutation]
  1680 | D        | Gained mutation: You sometimes lose your temper in combat.
                  | [potion of mutation]
  1680 | D        | Gained mutation: You expend magic power (3 MP) to
                  | strengthen your wands. [potion of mutation]
  1680 | D        | Gained mutation: You have sharp toenails. [potion of
                  | mutation]
  1814 | D        | Received a gift from Trog
  1823 | D        | Reached skill level 17 in Unarmed Combat
  1827 | D        | Received a gift from Trog
  1844 | D        | Received a gift from Trog
  1870 | D        | HP: 7/171 [killer bee (5)]
  1871 | D        | HP: 1/171 [killer bee (6)]
  1871 | D        | Slain by a killer bee

Illustrated notes

Levels and vault maps discovered:
D:        dungeon_sprint_mu [sprint_mu_entry_cave, sprint_mu_temple_rooms,
          sprint_mu_d1_horrors, sprint_mu_d2_genie, sprint_mu_d3_branching,
          sprint_mu_orc_legion, sprint_mu_elf_gauntlet, sprint_mu_hive_nellie,
          sprint_mu_lair_fedhas, sprint_mu_vaults_butterflies,
          sprint_mu_slime_circle, sprint_mu_swamp_cave, sprint_mu_shoals_archi,
          sprint_mu_blade_basic, sprint_mu_crypt_fortress,
          sprint_mu_tomb_spiral, sprint_mu_vestibule_basic,
          sprint_mu_gehenna_hellfire, sprint_mu_dis_giant,
          sprint_mu_tartarus_statrot, sprint_mu_cocytus_islands, sprint_mu_zot1]

Skill      XL: |  1  2  3  4  5  6  7  8  9 10 |
---------------+-------------------------------+-----
Fighting       | 3 4 5 6 7 8 9 10 11 | 11.2
Dodging        | 3 4 5 6 7 8 9 10 11 | 11.0
Unarmed Combat | 4 5 6 7 8 10 11 14 15 17 | 17.4
Stealth        | 1 2 3 4 |  4.3
Evocations     | |  0.3

Action                     |  1- 3 |  4- 6 |  7- 9 | 10-12 || total
---------------------------+-------+-------+-------+-------++-------
  Melee: Unarmed           |    17 |    27 |    54 |    75 ||   173
         Punch             |       |     2 |     7 |     4 ||    13
         Kick              |       |       |       |     8 ||     8
 Invoke: Berserk           |     2 |     1 |     2 |     1 ||     6
         Trog's Hand       |       |       |       |     1 ||     1
  Evoke: Condenser vane    |       |       |     1 |       ||     1
    Use: Potion            |       |       |       |     1 ||     1
   Stab: Sleeping          |       |     1 |     1 |     2 ||     4
 Armour: Animal skin       |     4 |     3 |     9 |    22 ||    38
  Dodge: Dodged            |     5 |     6 |    29 |    65 ||   105
